 Dungeon Crawl Stone Soup version 0.30.0-5-g1a98f26d00 (webtiles) character file.

Game seed: 17598366906742405426

982 hawla the Firebug (level 8, -1/59 HPs)
             Began as a Meteoran Fire Elementalist on May 13, 2023.
             Was an Initiate of Gozag.
             Killed from afar by an orc wizard (7 damage)
             ... with a puff of flame
             ... on level 5 of the Dungeon.
             The game lasted 00:08:10 (1070 turns).

hawla the Firebug (Meteoran Fire Elementalist)      Turns: 1070, Time: 00:08:11

Health: -1/59      AC:  3    Str: 10    XL:     8   Next: 68%
Magic:  18/28      EV: 13    Int: 18    God:    Gozag
Gold:   188        SH:  0    Dex: 15    Spells: 13/20 levels left

rFire   . . .        (no weapon)
rCold   . . .        (no shield)
rNeg    . . .        a - +0 robe
rPois   .            l - +0 helmet
rElec   .            (no cloak)
rCorr   .            (no gloves)
SInv    .            (no boots)
Will    +....        (no amulet)
Stlth   +            g - ring of magical power
HPRegen 0.29/turn    (no ring)
MPRegen 0.21/turn

%: no passive effects
@: gold aura, very slightly contaminated, glowing
A: sense surroundings 1, otherworldly, glowing, explore regen
a: Renounce Religion, Potion Petition, Call Merchant, Bribe Branch


You were on level 5 of the Dungeon.
You worshipped Gozag.
Gozag was aware of your devotion.
You visited 1 branch of the dungeon, and saw 5 of its levels.

You collected 286 gold pieces.
You paid 98 gold pieces to Gozag.

Inventory:

Armour
 a - a +0 robe (worn)
 l - a +0 helmet (worn)
 o - a +0 pair of boots
Jewellery
 g - a ring of magical power (left hand)
 i - a ring of protection from cold
 r - an amulet of guardian spirit
Scrolls
 c - a scroll of amnesia {unknown}
 d - 6 scrolls of identify {unknown}
 f - a scroll of noise {unknown}
 j - 2 scrolls of torment {unknown}
 n - a scroll of enchant weapon {unknown}
 p - a scroll of enchant armour {unknown}
 q - a scroll of blinking {unknown}
Potions
 b - a potion of magic
 e - a potion of might {unknown}
 h - 2 potions of curing
 k - a potion of degeneration {unknown}
 m - a potion of heal wounds {unknown}
 s - 2 potions of flight {unknown}
 t - a potion of attraction {unknown}


   Skills:
 + Level 1.0 Fighting
 + Level 3.2 Dodging
 - Level 1.4 Stealth
 + Level 6.7 Spellcasting
 + Level 6.3 Conjurations
 + Level 6.9 Fire Magic


You had 13 spell levels left.
You knew the following spells:

 Your Spells              Type           Power      Damage    Failure   Level
a - Foxfire               Conj/Fire      100%       2x1d9     1%          1
b - Scorch                Fire           62%        2d7       1%          2
c - Flame Wave            Conj/Fire      30%        2d9       7%          4

Your spell library contained the following spells:

 Spells                   Type           Power      Damage    Failure   Level
 Inner Flame              Hex/Fire       18%        N/A       9%          3
 Volatile Blastmotes      Fire/Tloc      36%        2d13      9%          3


Dungeon Overview and Level Annotations

Branches:
Dungeon (5/15) Zot: 1930
 Temple: D:4-7

Altars:
Gozag
Hepliaklqana
Xom

Shops:
D:2 (*

Annotations:
D:5 2 transporters, buriedalive's ghost, novice DEIE


Innate Abilities, Weirdness & Mutations

You passively map a small area around you.
You are easily found by Zot.
You glow in the dark.
You regain HP and MP as you explore.


Message History

The white imp shouts, "Quit, thou churlish two-tin-hat flirt-gill!"
Your Fighting skill increases to level 1!
You feel sick.
The centaur shoots an arrow.
The arrow hits you!
The centaur shoots an arrow.
The arrow hits you. The orc wizard barely misses you.
You see here 10 gold pieces.
Casting: Flame Wave (dangerous; 7% risk of failure)
Confirm with . or Enter, or press ? or * to list all spells.
Okay, then.
You feel sick.
The jackal is distracted by your dazzling golden aura.
The centaur unwields a +0 shortbow.
The centaur hits you.
* * * LOW HITPOINT WARNING * * *
The centaur closely misses you.
The orc wizard hits you with a +0 dagger.
* * * LOW HITPOINT WARNING * * *
It was a potion of curing.
You feel better.
The jackal is no longer distracted by gold.
The centaur closely misses you. The centaur kicks you.
* * * LOW HITPOINT WARNING * * *
The jackal is distracted by your dazzling golden aura.
The centaur hits you.
* * * LOW HITPOINT WARNING * * *
The centaur kicks you but does no damage.
The orc wizard hits you with a +0 dagger.
* * * LOW HITPOINT WARNING * * *
The jackal barks!
Casting: Flame Wave (dangerous; 7% risk of failure)
Confirm with . or Enter, or press ? or * to list all spells.
Casting: Flame Wave (dangerous; 7% risk of failure)
Press: ? - help, Dir - look around, f - activate You miscast Flame Wave.
You are very lightly contaminated with residual magic.
Nothing appears to happen.
The centaur completely misses you. The centaur kicks you.
* * * LOW HITPOINT WARNING * * *
The orc wizard casts a spell at you. The puff of flame hits you!
You die...
Your body crumbles into a pile of gold.

### #....#...###.#
######....##..###.#
* *
#........###....[.#,
, #....#...#
##.....# ,,, ,
#....#...# ###...#
,, , #...##..##
####.# , #.####..#
####..$.# , ,
.......####....h$$#
, , , ......##
.....wo@.# * ..[.###
,....5.c..# , .####
,####h###.#,, ## ,*
...* #.# , #... #.#
, , * , #.. * #.# ,
* ... $ .# * * , **
.# *


You could see a centaur, a worm, a howler monkey, an orc wizard, a white imp and
a jackal.

Vanquished Creatures
  Edmund (D:5)
  2 water moccasins (D:5)
  An ogre (D:4)
  2 phantoms (D:5)
  3 hounds
  An orc priest (D:5)
  4 iguanas (D:5)
  3 orc wizards (D:5)
  6 adders
  2 ufetubi
  2 worms
  2 dart slugs (D:5)
  10 orcs
  4 endoplasms
  A goblin (D:1)
  5 hobgoblins
  3 kobolds
  3 quokkas
  4 ball pythons
  2 frilled lizards
  3 rats
64 creatures vanquished.

Vanquished Creatures (others)
  141 foxfires
141 creatures vanquished.

Grand Total: 205 creatures vanquished

Notes
Turn   | Place    | Note
-------+----------+-------------------------------------------
     0 | D:1      | hawla the Meteoran Fire Elementalist began the quest for
                  | the Orb.
     0 | D:1      | Reached XP level 1. HP: 14/14 MP: 5/5
    68 | D:1      | Reached XP level 2. HP: 19/20 MP: 2/6
   154 | D:2      | Found Veyckeur's Antique Weapon Shop.
   183 | D:2      | Found Hait's General Store.
   255 | D:3      | Noticed a hound
   259 | D:3      | Killed a hound
   260 | D:3      | Reached XP level 3. HP: 26/26 MP: 8/8
   260 | D:3      | Reached XP level 4. HP: 33/33 MP: 9/9
   276 | D:3      | Learned a level 2 spell: Scorch
   320 | D:3      | Reached skill level 5 in Fire Magic
   390 | D:4      | Reached XP level 5. HP: 38/38 MP: 11/11
   483 | D:4      | Found an opulent altar of Gozag.
   576 | D:4      | Became a worshipper of Gozag Ym Sagoz the Greedy
   588 | D:4      | Noticed an ogre
   593 | D:4      | Killed an ogre
   594 | D:4      | Reached XP level 6. HP: 18/45 MP: 13/13
   601 | D:4      | Found a hazy altar of Hepliaklqana.
   602 | D:4      | Found a shimmering altar of Xom.
   603 | D:4      | Noticed a spectral ugly thing
   651 | D:5      | Entered Level 5 of the Dungeon
   686 | D:5      | Noticed an ogre
   688 | D:5      | Noticed an ice beast
   689 | D:5      | Noticed buriedalive's ghost (novice DEIE)
   701 | D:5      | Found a transporter.
   712 | D:5      | Found a transporter.
   721 | D:5      | Learned a level 4 spell: Flame Wave
   746 | D:5      | Noticed Edmund
   754 | D:5      | Killed Edmund
   755 | D:5      | Reached XP level 7. HP: 43/50 MP: 12/15
   802 | D:5      | Noticed a water moccasin
   807 | D:5      | Killed a water moccasin
   808 | D:5      | Reached skill level 5 in Conjurations
   808 | D:5      | Reached skill level 5 in Spellcasting
   911 | D:5      | Reached XP level 8. HP: 27/58 MP: 2/17
  1067 | D:5      | Reached skill level 1 in Fighting
  1070 | D:5      | Killed from afar by an orc wizard

Illustrated notes

Levels and vault maps discovered:
D:1:      mrwooster_arrival_statue_3, layout_loops_ring
D:2:      layout_basic, serial_shops, shop, nicolae_shop_just_a_little_nook,
          shop_statue, nicolae_shop_advertising_works
          [nicolae_subvault_shop_adworks], shop
D:3:      layout_loops_ring, elyvilon_altar_4, bloody_makhleb, serial_glass,
          glass_columns_c, glass_columns_a, glass_columns_a, glass_columns_a,
          minmay_strange_pillars, feat_on_display, feat_on_display,
          grunt_ministairs_1, minmay_vboxes, uniq_ijyb
D:4:      layout_basic, regret_index_temple_of_mockery, amcnicky_altar_gilded
D:5:      minmay_recursive_quarters, layout_rooms, gammafunk_ghost_arena,
          minmay_crossroads, uniq_edmund

Skill      XL: |  1  2  3  4  5  6  7  8 |
---------------+-------------------------+-----
Fire Magic     | 4 5 6 |  6.9
Spellcasting   | 3 4 5 6 |  6.7
Conjurations   | 2 4 5 6 |  6.3
Dodging        | 3 |  3.2
Fighting       | 1 |  1.0
Stealth        | |  1.4

Action                     |  1- 3 |  4- 6 |  7- 9 || total
---------------------------+-------+-------+-------++-------
  Melee: Unarmed           |     8 |     3 |    14 ||    25
         Punch             |       |       |     1 ||     1
   Cast: Foxfire           |    16 |    33 |    29 ||    78
         Scorch            |       |    21 |     6 ||    27
         Flame Wave        |       |       |     4 ||     4
    Use: Potion            |       |       |     1 ||     1
   Stab: Distracted        |       |       |     1 ||     1
 Armour: Robe              |       |     2 |     6 ||     8
  Dodge: Dodged            |     9 |     7 |    20 ||    36
